 Dungeon Crawl Stone Soup version 0.20.2-3-g29329e0561 (webtiles) character file.

872 Alfie the Covered (level 7, -2/61 HPs)
             Began as a Minotaur Fighter on Jan 28, 2024.
             Slain by Alfie's ghost (6 damage)
             ... on level 5 of the Dungeon.
             The game lasted 00:07:18 (3297 turns).

Alfie the Covered (Minotaur Fighter)                Turns: 3297, Time: 00:07:19

Health: -2/61      AC: 10    Str: 20 (22) XL:     7   Next: 74%
Magic:  6/6        EV:  9    Int:  4 (5)  God:
Gold:   242        SH: 10    Dex:  8 (10) Spells: 6/6 levels left

rFire    . . .     SeeInvis .   a - +0 rapier
rCold    . . .     Gourm    .   c - +0 shield
rNeg     . . .     Faith    .   b - +0 scale mail
rPois    .         Spirit   .   (helmet restricted)
rElec    .         Reflect  .   (no cloak)
rCorr    .         Harm     .   w - +0 pair of gloves
MR       .....                  j - +0 pair of boots
Stlth    ..........             (no amulet)
Regen    0.2/turn               p - ring of wizardry
MPRegen  0.1/turn               (no ring)

@: berserk cooldown, slowed, very slow
A: retaliatory headbutt, horns 2
a: no special abilities


You were on level 5 of the Dungeon.
You were not hungry.

You visited 1 branch of the dungeon, and saw 5 of its levels.

You collected 242 gold pieces.

Inventory:

Hand Weapons
 a - a +0 rapier (weapon)
Armour
 b - a +0 scale mail (worn)
 c - a +0 shield (worn)
 j - a +0 pair of boots (worn)
 w - a +0 pair of gloves (worn)
Jewellery
 p - a ring of wizardry (left hand)
Wands
 t - a wand of clouds (9/9)
Scrolls
 g - a scroll of blinking
 h - 3 scrolls of amnesia
 i - a scroll of recharging
 l - a scroll of magic mapping {unknown}
 q - a scroll of fear {unknown}
 u - a scroll of teleportation {unknown}
 v - 2 scrolls of remove curse
Potions
 e - 4 potions of brilliance
 k - a potion of mutation {unknown}
 m - a potion of heal wounds {unknown}
 s - 2 potions of haste
 x - a potion of curing
 z - a potion of magic {unknown}
Books
 y - a book of Minor Magic

   Spells                             Type                      Level
   a - Magic Dart                     Conjuration                  1
   b - Blink                          Translocation                2
   c - Call Imp                       Summoning                    2
   d - Slow                           Hexes                        2
   e - Conjure Flame                  Conjuration/Fire             3
   f - Mephitic Cloud                 Conjuration/Poison/Air       3
Comestibles
 d - 4 fruits
 f - 3 bread rations
 n - 2 meat rations
 o - 4 royal jellies


   Skills:
 + Level 5.2 Fighting
 + Level 5.4 Short Blades
 + Level 6.4 Armour
 + Level 2.5 Dodging
 + Level 1.0 Stealth
 + Level 6.1 Shields


You had 6 spell levels left.
You didn't know any spells.

Dungeon Overview and Level Annotations

Branches:
Dungeon (5/15)
 Temple: D:4-7

Altars:
Cheibriados
Nemelex Xobeh
Okawaru
Trog

Annotations:
D:5 Alfie's ghost, novice HOFi


Innate Abilities, Weirdness & Mutations

You reflexively headbutt those who attack you in melee.
You have a pair of horns on your head.


Message History

* * * LOW HITPOINT WARNING * * *
Alfie's ghost barely misses you.
You miss Alfie's ghost. You headbutt Alfie's ghost!
Alfie's ghost is moderately damaged.
Alfie's ghost barely misses you.
You closely miss Alfie's ghost.
Alfie's ghost is moderately damaged.
Alfie's ghost completely misses you.
The crimson imp lashes its tail.
The crimson imp closely misses you. You furiously retaliate!
You headbutt the crimson imp! Alfie's ghost barely misses you.
The crimson imp blinks!
Alfie's ghost hits you.
* * * LOW HITPOINT WARNING * * *
The crimson imp sputters.
You block the crimson imp's attack. Alfie's ghost hits you.
* * * LOW HITPOINT WARNING * * *
You hit the crimson imp.
The crimson imp is severely wounded.
The crimson imp barely misses you. Alfie's ghost hits you.
You die...

## #.# ##.#
####.## .
######..W@5#...
.............#.
.[....#.###......
...)......5..##..
######......... .
#..##.#.##.
#..##.#.# .
#..#.?.$##
#.........


You could see Alfie's ghost and a crimson imp.

Vanquished Creatures
  Sigmund (D:5)
  Duvessa (D:4)
  2 ogres
  A centaur (D:5)
  Dowan (D:4)
  A crimson imp (D:5)
  A hound (D:4)
  Natasha (thrice) (D:3)
  A worker ant (D:4)
  9 adders
  An ooze (D:3)
  An adder skeleton (D:5)
  3 worms
  A dart slug (D:3)
  2 leopard geckos
  4 orcs
  2 giant cockroaches
  4 goblins
  5 hobgoblins
  11 jackals (D:3)
  6 kobolds
  A quokka (D:3)
  7 bats
  5 frilled lizards
  5 rats
79 creatures vanquished.

Notes
Turn   | Place    | Note
-------+----------+-------------------------------------------
     0 | D:1      | Alfie the Minotaur Fighter began the quest for the Orb.
     0 | D:1      | Reached XP level 1. HP: 19/19 MP: 0/0
   186 | D:1      | Reached XP level 2. HP: 26/27 MP: 1/1
   746 | D:2      | Found a snail-covered altar of Cheibriados.
   871 | D:2      | Reached XP level 3. HP: 17/33 MP: 2/2
  1014 | D:2      | Found a sparkling altar of Nemelex Xobeh.
  1014 | D:2      | Found a bloodstained altar of Trog.
  1501 | D:3      | Found a faded altar of an unknown god.
  1698 | D:3      | Reached XP level 4. HP: 33/40 MP: 3/3
  1788 | D:3      | Noticed Natasha
  1799 | D:3      | Killed Natasha
  1809 | D:3      | Noticed Natasha
  1823 | D:3      | Killed Natasha
  1880 | D:3      | Reached XP level 5. HP: 31/47 MP: 4/4
  2121 | D:3      | Noticed Natasha
  2129 | D:3      | Killed Natasha
  2313 | D:4      | Noticed Duvessa
  2314 | D:4      | Noticed Dowan
  2332 | D:4      | Killed Duvessa
  2332 | D:4      | Reached skill level 5 in Armour
  2332 | D:4      | Reached skill level 1 in Dodging
  2332 | D:4      | Reached XP level 6. HP: 42/55 MP: 5/5
  2352 | D:4      | Killed Dowan
  2352 | D:4      | Reached skill level 5 in Shields
  2393 | D:4      | Reached skill level 5 in Fighting
  2906 | D:4      | Reached XP level 7. HP: 61/61 MP: 6/6
  3103 | D:5      | Entered Level 5 of the Dungeon
  3119 | D:5      | Reached skill level 5 in Short Blades
  3207 | D:5      | Found an iron altar of Okawaru.
  3226 | D:5      | Noticed Sigmund
  3249 | D:5      | HP: 2/61 [something (8)]
  3257 | D:5      | Killed Sigmund
  3257 | D:5      | Reached skill level 1 in Stealth
  3282 | D:5      | Noticed Alfie's ghost (novice HOFi)
  3297 | D:5      | Slain by Alfie's ghost

Skill      XL: |  1  2  3  4  5  6  7 |
---------------+----------------------+-----
Fighting       | 4 5 |  5.2
Armour         | 4 5 6 |  6.4
Shields        | 4 5 6 |  6.1
Short Blades   | 3 4 5 |  5.4
Dodging        | 1 2 |  2.5
Stealth        | 1 |  1.0

Action                   |  1- 3 |  4- 6 |  7- 9 || total
-------------------------+-------+-------+-------++-------
Melee: Rapier            |   111 |   115 |    41 ||   267
       Headbutt          |    11 |    11 |    14 ||    36
  Use: Potion            |       |     1 |     4 ||     5
       Scroll            |       |     6 |       ||     6
  Eat: Royal jelly       |     1 |     1 |       ||     2
       Chunk             |       |     2 |       ||     2
       Bread ration      |       |       |     1 ||     1
Armor: Scale mail        |    35 |    32 |    18 ||    85
Dodge: Dodged            |    27 |    28 |    22 ||    77
Block: Shield            |    54 |    53 |    19 ||   126
